 Dungeon Crawl Stone Soup version 0.28-a0-1555-g9ae15a6949 (webtiles) character file.

Game seed: 7496923984965216997

49 Shayle the Grasshopper (level 3, 0/28 HPs)
             Began as a Demonspawn Warper on Jan 18, 2022.
             Killed by divine providence
             ... invoked by an orc priest
              (16 damage)
             ... on level 3 of the Dungeon.
             The game lasted 00:04:35 (3648 turns).

Shayle the Grasshopper (Demonspawn Warper)          Turns: 3648, Time: 00:04:35

Health: 0/28       AC:  3    Str: 11    XL:     3   Next: 51%
Magic:  6/6        EV: 11    Int: 16    God:
Gold:   62         SH:  0    Dex: 12    Spells: 6/6 levels left

rFire   . . .      SeeInvis .     - Unarmed
rCold   . . .      Faith    .   (no shield)
rNeg    . . .      Spirit   .   a - +0 leather armour
rPois   .          Reflect  .   (helmet restricted)
rElec   .          Harm     .   (no cloak)
rCorr   .          Rampage  .   (no gloves)
Will    .....                   (no boots)
Stlth   +.........              (no amulet)
HPRegen 0.09/turn               (no ring)
MPRegen 0.10/turn               (no ring)

@: no status effects
A: antennae 1
a: no special abilities


You were on level 3 of the Dungeon.
You visited 1 branch of the dungeon, and saw 3 of its levels.

You collected 62 gold pieces.

Inventory:

Armour
 a - a +0 leather armour (worn)
Scrolls
 b - 2 scrolls of blinking
 d - 2 scrolls of fear {unknown}
 g - a scroll of identify {unknown}
 h - a scroll of torment {unknown}
 i - a scroll of immolation {unknown}
Potions
 c - 2 potions of heal wounds {unknown}
 e - a potion of brilliance {unknown}
 f - a potion of degeneration {unknown}
 j - a potion of mutation {unknown}


   Skills:
 + Level 2.6 Fighting
 - Level 0.8 Throwing
 - Level 0.8 Armour
 + Level 2.3 Dodging
 - Level 1.7 Unarmed Combat
 + Level 2.4 Spellcasting
 + Level 3.1 Translocations


You had 6 spell levels left.
You didn't know any spells.
Your spell library contained the following spells:

 Spells                   Type           Power      Damage    Failure   Level
 Blink                    Tloc           22%        N/A       11%         2
 Gell's Gravitas          Tloc           11%        N/A       22%         3
 Lesser Beckoning         Tloc           11%        N/A       22%         3
 Teleport Other           Tloc           11%        N/A       22%         3
 Manifold Assault         Tloc           11%        N/A       90%         5


Dungeon Overview and Level Annotations

Branches:
Dungeon (3/15)

Altars:


Innate Abilities, Weirdness & Mutations

You have a pair of small antennae on your head.


Message History

The gnoll closely misses you. The gnoll misses you.
The gnoll hits you from afar with a +0 halberd!
There is a large open door here.
There is a large open door here.
There is a stone staircase leading up, spattered with blood here.
The gnoll hits you from afar with a +0 spear.
* * * LOW HITPOINT WARNING * * *
You climb upwards.
There is a stone staircase leading down here.
You start resting.
HP restored.
An endoplasm is nearby!
You hit the endoplasm.
The endoplasm is lightly wounded.
The endoplasm barely misses you.
You hit the endoplasm but do no damage.
The endoplasm is lightly wounded.
The endoplasm barely misses you.
You hit the endoplasm.
The endoplasm is heavily wounded.
The endoplasm hits you but does no damage.
You hit the endoplasm.
You kill the endoplasm!
There is an open door here.
There is a stone staircase leading down here.
You climb downwards.
Found an inky potion.
Found a stone staircase leading down.
There is a stone staircase leading up here.
Unknown command.
c - 2 inky potions (gained 1)
An orc priest comes into view. It is wielding a +0 club.
The orc priest shouts!
You start waiting.
You sense a monster nearby.
The orc priest mumbles some strange prayers to Beogh against you.
Beogh smites you!
The orc priest mumbles some strange prayers to Beogh against you.
Beogh smites you!
Ouch! That really hurt!
You die...

##<.......
#.........
#.........
####.........
##............
#...........>.
####.##......#.#
#...............
#@##.##.........
#o##.#..........
#.##.#.........
#.##.# .......
#.##.# . #.##.#
#.# .. #.# #.#


You could see an orc priest.

Vanquished Creatures
  2 adders (D:3)
  A dart slug (D:2)
  2 bats (D:1)
  3 endoplasms
  2 giant cockroaches (D:1)
  3 goblins (D:1)
  3 hobgoblins
  3 quokkas (D:2)
  3 ball pythons (D:1)
  A frilled lizard (D:1)
  A kobold (D:1)
  A rat (D:1)
25 creatures vanquished.

Vanquished Creatures (others)
  3 plants (D:1)
3 creatures vanquished.

Grand Total: 28 creatures vanquished

Notes
Turn   | Place    | Note
-------+----------+-------------------------------------------
     0 | D:1      | Shayle the Demonspawn Warper began the quest for the Orb.
     0 | D:1      | Reached XP level 1. HP: 16/16 MP: 3/3
    17 | D:1      | Found a faded altar of an unknown god.
   377 | D:1      | Gained mutation: You have a pair of small antennae on your
                  | head. [demonic ancestry]
   377 | D:1      | Reached XP level 2. HP: 17/22 MP: 5/5
  1889 | D:2      | Reached skill level 3 in Translocations
  2680 | D:2      | Reached XP level 3. HP: 22/28 MP: 6/6
  3648 | D:3      | Killed from afar by an orc priest

Illustrated notes

Levels and vault maps discovered:
D:1:      tarquinn_simple_flora_water_a, layout_basic,
          dreamdust_ecumenical_altar_grove, hangedman_abyss_or_decor_lesser_grid
D:2:      layout_basic, kennysheep_nub
D:3:      minmay_inner_zag, layout_basic, old_standard_altar, uniq_ijyb

Skill      XL: |  1  2 |
---------------+-------+-----
Dodging        | 2 |  2.3
Translocations | 3 |  3.1
Fighting       | |  2.6
Throwing       | |  0.8
Armour         | |  0.8
Unarmed Combat | |  1.7
Spellcasting   | |  2.4

Action                   || total
-------------------------++-------
Melee: Unarmed           ||   201
       Punch             ||     4
Throw: Boomerang         ||     5
 Stab: Sleeping          ||     2
Armor: Leather armour    ||    58
Dodge: Dodged            ||   136

Table legend: (Time is in decaauts)
 A = Elapsed time spent in this place.
 B = Non-inter-level travel time spent in this place.
 C = Inter-level travel time spent in this place.
 D = Time resting spent in this place.
 E = Time spent auto-exploring this place.
 F = Levels seen in this place.
 G = Mean time per level.
                   A        B        C        D        E       F      G
               +--------+--------+--------+--------+--------+-----+--------+
         Total |   3643 |   3574 |     69 |   1176 |   1783 |   3 | 1214.3 |
       Dungeon |   3643 |   3574 |     69 |   1176 |   1783 |   3 | 1214.3 |
               +--------+--------+--------+--------+--------+-----+--------+

Top non-repeatable levels by time:
     D:2: 1894 daAuts
     D:1: 1309 daAuts
     D:3: 440 daAuts
